AoeStats
← NDF

Arabia

504375871Analyzed
1v1 RM · 27d ago on Sep 5, 2026· 23m 54s· 2 players
Game mode
Random Map
Map size
Tiny (2 player)
Population
200
Speed
Normal
Resources
Standard
Victory
Conquest
Starting age
Dark Age
Ending age
Imperial Age
RankedLock teamsTeams togetherTeam positionsShared explorationLock speedFull tech treeHidden civsTurbo modeCheats
Victory
Defeat
🇦🇷 Mongols · Argentina
484
+18
🇺🇸 Magyars · United States
524
-23
NDF
3:21 Loom
12:23 Feudal Age
21:01 Castle Age
19:00 Horse Collar
19:25 Double-Bit Axe
22:47 Gold Mining
22:48 Stone Mining
ok
16:24 Feudal Age
17:57 Double-Bit Axe
17:58 Horse Collar
18:15 Gold Mining
22:15 Castle Age
21:04 Padded Archer Armor
20:55 Fletching
23:13 Crossbowman
Connection lost

Rejoining the realm…

Still unreachable

The connection could not be restored.

Session expired

The server has moved on; the page needs a fresh start.